 Dungeon Crawl Stone Soup version 0.28-a0-769-g550dbda0cd (webtiles) character file.

Game seed: 16229694205081212962

241 croobank the Digger (level 6, -1/34 HPs)
             Began as a Gargoyle Earth Elementalist on Oct 31, 2021.
             Slain by a water moccasin (6 damage)
             ... on level 3 of the Dungeon.
             The game lasted 00:20:12 (3292 turns).

croobank the Digger (Gargoyle Earth Elementalist)   Turns: 3292, Time: 00:20:13

Health: -1/34      AC:  6    Str: 13    XL:     6   Next: 8%
Magic:  6/10       EV: 12    Int: 16    God:
Gold:   145        SH:  0    Dex: 10    Spells: 4/10 levels left

rFire   . . .      SeeInvis .   v - +3 great sword
rCold   . . .      Faith    .   (shield currently unavailable)
rNeg    + . .      Spirit   .   b - +0 robe
rPois   ∞          Reflect  .   (no helmet)
rElec   +          Harm     .   (no cloak)
rCorr   .          Rampage  .   (no gloves)
Will    .....                   (no boots)
Stlth   ++........              (no amulet)
HPRegen 0.11/turn               (no ring)
MPRegen 0.12/turn               (no ring)

@: mighty
A: sickness immunity, AC +4, negative energy resistance 1, electricity
resistance, torment resistance 1, petrification resistance
a: no special abilities


You were on level 3 of the Dungeon.
You visited 1 branch of the dungeon, and saw 3 of its levels.

You collected 145 gold pieces.

Inventory:

Hand Weapons
 a - a +0 dagger
 j - a +0 quarterstaff
 q - a +0 short sword
 t - a +0 falchion
 v - a +3 great sword (weapon)
Missiles
 c - 25 stones
 e - 5 boomerangs of dispersal
 g - 20 sling bullets
 l - 41 arrows
 r - 37 bolts
Armour
 b - a +0 robe (worn)
 d - a +0 ring mail
 h - a +0 scale mail
 o - a +0 plate armour
Jewellery
 i - a ring of willpower
Scrolls
 n - a scroll of teleportation
Potions
 m - a potion of experience {unknown}
 p - a potion of attraction {unknown}
 s - a potion of magic {unknown}
 u - a potion of lignification {unknown}


   Skills:
 + Level 1.3 Fighting
 + Level 0.8 Short Blades
 + Level 2.2 Staves
 + Level 2.3 Dodging
 + Level 2.7 Stealth
 + Level 0.6 Unarmed Combat
 + Level 2.9 Spellcasting
 + Level 0.7 Transmutations
 + Level 5.2 Earth Magic


You had 4 spell levels left.
You knew the following spells:

 Your Spells              Type           Power      Damage    Failure   Level
a - Sandblast             Erth           38%        2d10      2%          1
b - Passwall              Tmut/Erth      9%         N/A       9%          2
c - Stone Arrow           Conj/Erth      20%        3d8       19%         3

Your spell library contained the following spells:

 Spells                   Type           Power      Damage    Failure   Level
 Petrify                  Tmut/Erth      11%        N/A       50%         4


Dungeon Overview and Level Annotations

Branches:
Dungeon (3/15)

Altars:

Annotations:
D:3 1 runed translucent door, Borge's ghost, amateur DrCj


Innate Abilities, Weirdness & Mutations

You are immune to sickness and miasma.
Your stone body is resilient. (AC +4)
You are immune to poison.
You resist negative energy. (rN+)
You are resistant to electric shocks. (rElec)
You are resistant to unholy torment.
You are immune to petrification.


Message History

The water moccasin completely misses you.
You closely miss the water moccasin.
The water moccasin is moderately wounded.
The water moccasin bites you.
* * * LOW HITPOINT WARNING * * *
The water moccasin closely misses you.
Aiming: Sandblast (safe; 2% risk of failure)
Press: ? - help, Q - select action, (/) - cycle Shift-Dir - straight line, f/p - water moccasin
Aim: a water moccasin (moderately wounded, 66% to hit)
The blast of sand misses the water moccasin.
The water moccasin bites you.
* * * LOW HITPOINT WARNING * * *
The water moccasin bites you.
* * * LOW HITPOINT WARNING * * *
Aiming: Sandblast (safe; 2% risk of failure)
Press: ? - help, Q - select action, (/) - cycle Shift-Dir - straight line, f/p - water moccasin
Aim: a water moccasin (moderately wounded, 66% to hit)
The blast of sand hits the water moccasin!
The water moccasin is heavily wounded.
The water moccasin bites you.
* * * LOW HITPOINT WARNING * * *
You feel better. The water moccasin closely misses you.
The water moccasin barely misses you.
You feel very mighty all of a sudden. The water moccasin bites you.
* * * LOW HITPOINT WARNING * * *
Aiming: Sandblast (safe; 2% risk of failure)
Press: ? - help, Q - select action, (/) - cycle Shift-Dir - straight line, f/p - water moccasin
Aim: a water moccasin (heavily wounded, 66% to hit)
The blast of sand hits the water moccasin!
The water moccasin is almost dead.
The water moccasin misses you.
Aiming: Sandblast (safe; 2% risk of failure)
Press: ? - help, Q - select action, (/) - cycle Shift-Dir - straight line, f/p - water moccasin
Aim: a water moccasin (almost dead, 66% to hit)
The blast of sand misses the water moccasin.
The water moccasin bites you.
* * * LOW HITPOINT WARNING * * *
The water moccasin bites you.
You die...

#.............# #.#
####..#.......# #.#
##.#.#####.# #.# #...#
#.# #.# ##..# #.# #.# #
#..# #.####.# ## #..#
#......#
.########..############
.#........>.....@.#
.#.##############S#
.#.# .# ##.# .# #..# ..
..## ## .## ##


You could see a water moccasin.

Vanquished Creatures
  A black bear (D:2)
  A scorpion (D:3)
  3 adders
  3 dart slugs
  4 bats
  7 endoplasms
  12 giant cockroaches
  6 goblins
  4 hobgoblins
  5 kobolds
  5 quokkas
  2 ball pythons (D:1)
  4 frilled lizards
  7 rats
64 creatures vanquished.

Notes
Turn   | Place    | Note
-------+----------+-------------------------------------------
     0 | D:1      | croobank the Gargoyle Earth Elementalist began the quest
                  | for the Orb.
     0 | D:1      | Reached XP level 1. HP: 10/10 MP: 3/3
   177 | D:1      | Reached skill level 4 in Earth Magic
   177 | D:1      | Reached XP level 2. HP: 15/15 MP: 3/5
   518 | D:1      | Reached XP level 3. HP: 19/19 MP: 4/6
  1405 | D:1      | Found a faded altar of an unknown god.
  1668 | D:2      | Reached XP level 4. HP: 22/24 MP: 7/7
  2054 | D:2      | Noticed a black bear
  2064 | D:2      | Learned a level 2 spell: Passwall
  2077 | D:2      | Learned a level 3 spell: Stone Arrow
  2083 | D:2      | Killed a black bear
  2084 | D:2      | Reached skill level 1 in Fighting
  2084 | D:2      | Reached skill level 1 in Staves
  2084 | D:2      | Reached XP level 5. HP: 15/29 MP: 3/8
  2305 | D:3      | Reached skill level 5 in Earth Magic
  2319 | D:3      | HP: 1/29 [scorpion (4)]
  3001 | D:3      | Reached XP level 6. HP: 34/34 MP: 10/10
  3197 | D:3      | Found a runed translucent door.
  3198 | D:3      | Noticed Borge's ghost (amateur DrCj)
  3274 | D:3      | Noticed a water moccasin
  3292 | D:3      | Slain by a water moccasin

Illustrated notes

Levels and vault maps discovered:
D:1:      lightli_arrival_noodles, layout_basic,
          shapermc_ecumenical_altar_ellora
D:2:      layout_basic
D:3:      minmay_roachtagon, layout_basic, ebering_ghost_sewer_f

Skill      XL: |  1  2  3  4  5 |
---------------+----------------+-----
Earth Magic    | 4 5 |  5.2
Fighting       | 1 |  1.3
Staves         | 1 2 |  2.2
Dodging        | 2 |  2.3
Short Blades   | |  0.8
Stealth        | |  2.7
Unarmed Combat | |  0.6
Spellcasting   | |  2.9
Transmutations | |  0.7

Action                   |  1- 3 |  4- 6 || total
-------------------------+-------+-------++-------
Melee: Unarmed           |    25 |       ||    25
       Dagger            |    58 |       ||    58
       Quarterstaff      |    24 |   100 ||   124
       Great sword       |       |    11 ||    11
 Cast: Sandblast         |    28 |    19 ||    47
       Stone Arrow       |       |     1 ||     1
  Use: Scroll            |     3 |     3 ||     6
       Potion            |       |     3 ||     3
Armor: Robe              |    37 |    60 ||    97
Dodge: Dodged            |    93 |   120 ||   213

Table legend: (Time is in decaauts)
 A = Elapsed time spent in this place.
 B = Non-inter-level travel time spent in this place.
 C = Inter-level travel time spent in this place.
 D = Time resting spent in this place.
 E = Time spent auto-exploring this place.
 F = Levels seen in this place.
 G = Mean time per level.
                   A        B        C        D        E       F      G
               +--------+--------+--------+--------+--------+-----+--------+
         Total |   3325 |   3246 |     79 |    775 |   1689 |   3 | 1108.3 |
       Dungeon |   3325 |   3246 |     79 |    775 |   1689 |   3 | 1108.3 |
               +--------+--------+--------+--------+--------+-----+--------+

Top non-repeatable levels by time:
     D:1: 1542 daAuts
     D:3: 1018 daAuts
     D:2: 765 daAuts
